 Dungeon Crawl Stone Soup version 0.30-a0-591-g3c58d2bc28 (webtiles) character file.

Game seed: 7274732637473057975

88 TrayleKats the Grasshopper (level 4, 0/40 HPs)
             Began as a Naga Warper on Jan 4, 2023.
             Slain by an iron imp (7 damage)
             ... on level 3 of the Dungeon.
             The game lasted 00:04:02 (1758 turns).

TrayleKats the Grasshopper (Naga Warper)            Turns: 1758, Time: 00:04:03

Health: 0/40       AC:  6    Str: 15    XL:     4   Next: 53%
Magic:  7/7        EV:  4    Int: 13    God:
Gold:   61         SH:  0    Dex: 11    Spells: 8/8 levels left

rFire   . . .      SeeInvis +    a - +0 mace
rCold   . . .      Faith    .    (no shield)
rNeg    . . .      Spirit   .    g - +1 chain mail
rPois   +          Reflect  .    (no helmet)
rElec   .          Harm     .    (no cloak)
rCorr   .          Rampage  .    (no gloves)
Will    .....                    (no barding) Stlth
                                 o - amulet of magic regeneration
HPRegen 0.26/turn                (no ring)
MPRegen 0.50/turn                (no ring)

@: very slow
A: AC +1, large, see invisible, deformed body, poison resistance, slowness 2,
spit poison 1, naga tail 1
a: Spit Poison


You were on level 3 of the Dungeon.
You visited 1 branch of the dungeon, and saw 3 of its levels.

You collected 61 gold pieces.

Inventory:

Hand Weapons
 a - a +0 mace (weapon)
Missiles
 d - 5 boomerangs of dispersal
Armour
 b - a +0 leather armour
 g - a +1 chain mail (worn)
Jewellery
 h - an amulet of faith
 o - an amulet of magic regeneration (around neck)
Scrolls
 c - 4 scrolls of blinking
 e - a scroll of magic mapping
 f - 3 scrolls of enchant armour
 j - a scroll of amnesia {unknown}
 k - a scroll of teleportation {unknown}
 m - 2 scrolls of identify {unknown}
 n - a scroll of vulnerability {unknown}
 q - a scroll of torment {unknown}
Potions
 i - a potion of cancellation {unknown}
 l - 2 potions of invisibility {unknown}
 p - 2 potions of lignification {unknown}
 r - a potion of mutation {unknown}


   Skills:
 + Level 2.7 Fighting
 + Level 2.7 Maces & Flails
 - Level 0.8 Throwing
 - Level 0.7 Armour
 - Level 1.5 Dodging
 + Level 2.6 Stealth
 + Level 2.5 Spellcasting
 + Level 3.5 Translocations


You had 8 spell levels left.
You didn't know any spells.
Your spell library contained the following spells:

 Spells                   Type           Power      Damage    Failure   Level
 Blink                    Tloc           20%        N/A       91%         2
 Sting                    Tmut/Pois      4%         1d3       99%         1
 Lesser Beckoning         Tloc           20%        N/A       99%         3
 Teleport Other           Tloc           10%        N/A       99%         3
 Poisonous Vapours        Pois/Air       2%         N/A       100%        2
 Dazzling Flash           Conj/Hex       2%         N/A       100%        3
 Vhi's Electric Charge    Tloc/Air       12%        N/A       100%        3
 Iskenderun's Mystic Bla  Conj/Tloc      6%         2d4       100%        4
 Manifold Assault         Tloc           10%        N/A       100%        4
 Olgreb's Toxic Radiance  Pois           1%         N/A       100%        4
 Starburst                Conj/Fire      0%         6d3       100%        6


Dungeon Overview and Level Annotations

Branches:
Dungeon (3/15)

Altars:
Makhleb

Shops:
D:1 ?

Annotations:
D:3 Grinder


Innate Abilities, Weirdness & Mutations

Your serpentine skin is tough. (AC +1)
You have supernaturally acute eyesight. (SInv)
Armour fits poorly on your strangely shaped body.
Your system is resistant to poisons. (rPois)
You cover ground very slowly.
You can spit poison.
You have a snake-like lower body.


Message History

The iron imp shouts, "Decamp, thou cockered hedge-born slabber!"
The splash of poison misses the iron imp.
You have got your breath back.
The splash of poison misses the iron imp.
You can't do that yet.
You can't do that yet.
You have got your breath back.
The splash of poison hits the iron imp.
The iron imp is lightly wounded.
Found 6 stones.
You have got your breath back.
The splash of poison hits the iron imp.
The iron imp is lightly wounded.
You have got your breath back.
You see here a scroll of blinking.
c - 4 scrolls of blinking (gained 1)
The iron imp attacks as you move away! The iron imp hits you.
The splash of poison hits the iron imp.
The iron imp is moderately wounded.
The iron imp hits you.
Okay, then.
The iron imp attacks as you move away! The iron imp hits you!
You hit the iron imp.
The iron imp is moderately wounded.
The iron imp hits you.
You have got your breath back.
The iron imp attacks as you move away!
The iron imp hits you but does no damage.
The iron imp attacks as you move away! The iron imp hits you!
The iron imp attacks as you move away! The iron imp barely misses you.
The iron imp attacks as you move away! The iron imp completely misses you.
The iron imp attacks as you move away! The iron imp hits you.
The iron imp attacks as you move away! The iron imp hits you. x2
* * * LOW HITPOINT WARNING * * *
The iron imp hits you but does no damage.
Okay, then.
The iron imp attacks as you move away! The iron imp hits you.
* * * LOW HITPOINT WARNING * * *
The iron imp attacks as you move away! The iron imp hits you!
You die...

≈........###...........
≈≈.....................
.§≈.....####...........
.....≈≈.....# ##'#.#######
.(_...8≈....### #.#.#
.....§§.....[.###.#.#######
.....§§..................>#
..!.≈§§§......###.#######.#
5≈≈≈≈..........5@....# #.#
.≈§§.....5.....5.....# #.#
...§.................# #.#
############.........# #.#
.. #.##.............# #.#
..###.##.#...........# #.#
......##..........#### #.#
......####.....##.# #.#
......# #.....##.#######.#


You could see 3 iron imps.

Vanquished Creatures
  An orc wizard (D:3)
  2 adders (D:2)
  A worm (D:2)
  A dart slug (D:1)
  2 orcs (D:3)
  3 bats
  3 endoplasms
  3 goblins
  2 hobgoblins (D:1)
  2 jackals (D:1)
  4 kobolds
  4 quokkas
  2 ball pythons (D:1)
  3 frilled lizards
  3 rats (D:2)
36 creatures vanquished.

Vanquished Creatures (others)
  5 toadstools (D:1)
5 creatures vanquished.

Grand Total: 41 creatures vanquished

Notes
Turn   | Place    | Note
-------+----------+-------------------------------------------
     0 | D:1      | TrayleKats the Naga Warper began the quest for the Orb.
     0 | D:1      | Reached XP level 1. HP: 19/19 MP: 3/3
   136 | D:1      | Reached XP level 2. HP: 24/26 MP: 5/5
   157 | D:1      | Reached skill level 1 in Stealth
   244 | D:1      | Found a faded altar of an unknown god.
   450 | D:1      | Found Muakall's Magic Scroll Emporium.
   524 | D:1      | Reached XP level 3. HP: 27/32 MP: 6/6
  1064 | D:2      | Reached XP level 4. HP: 40/40 MP: 7/7
  1343 | D:2      | You fall into a shaft and drop 1 floor!
  1676 | D:3      | Noticed Grinder
  1718 | D:3      | Found a burning altar of Makhleb.
  1758 | D:3      | Slain by an iron imp

Illustrated notes

Levels and vault maps discovered:
D:1:      ldierk_walled_garden, layout_rooms, basic_ecumenical_altar,
          serial_shops, nicolae_shop_crystal,
          hangedman_abyss_or_decor_lesser_grid
D:2:      layout_basic
D:3:      layout_basic, demons_altar, uniq_grinder, uniq_crazy_yiuf_cottage

Skill      XL: |  1  2  3 |
---------------+----------+-----
Stealth        | 1 2 |  2.6
Fighting       | |  2.7
Maces & Flails | |  2.7
Throwing       | |  0.8
Armour         | |  0.7
Dodging        | |  1.5
Spellcasting   | |  2.5
Translocations | |  3.5

Action                   |  1- 3 |  4- 6 || total
-------------------------+-------+-------++-------
Melee: Mace              |    74 |     6 ||    80
Throw: Boomerang         |     1 |     1 ||     2
 Abil: Spit Poison       |    17 |    10 ||    27
  Use: Scroll            |     2 |       ||     2
Armor: Chain mail        |    36 |     5 ||    41
       Leather armour    |     1 |       ||     1
Dodge: Dodged            |    25 |     3 ||    28

Table legend: (Time is in decaauts)
 A = Elapsed time spent in this place.
 B = Non-inter-level travel time spent in this place.
 C = Inter-level travel time spent in this place.
 D = Time resting spent in this place.
 E = Time spent auto-exploring this place.
 F = Levels seen in this place.
 G = Mean time per level.
                   A        B        C        D        E       F      G
               +--------+--------+--------+--------+--------+-----+--------+
         Total |   2289 |   2243 |     46 |     52 |   1787 |   3 |  763.0 |
       Dungeon |   2289 |   2243 |     46 |     52 |   1787 |   3 |  763.0 |
               +--------+--------+--------+--------+--------+-----+--------+

Top non-repeatable levels by time:
     D:2: 1010 daAuts
     D:1: 733 daAuts
     D:3: 544 daAuts
